cohdb
Replays
Latest Replays
All Replays
Popular Replays
Top Player Replays
Match Explorer
How It Works
Community
CoH3 Stats
Reddit
Sign in to upload your games and track your stats! →
Sign in with Steam
Match 46640799
Unlisted
Match 46640799
Overview
Messages
Build Orders
End
Construct Infanterie Kompanie
Selects Breakthrough Battlegroup
Selects Assault Grenadiers
Grenadier Squad
Grenadier Squad
Grenadier Squad
MG 42 Machine Gun Team
Construct Luftwaffe Kompanie
Selects Rapid Production
221 Scout Car
Medical Bunker
Jäger Squad
Support Elements
Wirbelwind Flakpanzer
Selects Breakthrough
Selects Mechanized Assault Group
Luftwaffe Officer Quarters
Mechanized Assault Group
Selects Blitzkrieg
Marder III M Tank Destroyer
Marder III M Tank Destroyer
Jäger Squad
Selects Tiger Heavy Tank
Tiger Heavy Tank
Pioneer Squad
Repair Bunker
Jäger Squad
DaPopeCOH
vonClausewitz
Angrybirds
Bar.Soap
0
0
Comments
sign in to comment!
No comments posted yet!